 Dungeon Crawl Stone Soup version 0.22-a0-402-ga933591 (webtiles) character file.

53 wjh11 the Chopper (level 3, 0/49 HPs)
             Began as a Minotaur Berserker on May 7, 2018.
             Was a Follower of Trog.
             Slain by an adder (4 damage)
             ... on level 2 of the Dungeon.
             The game lasted 00:01:38 (1373 turns).

wjh11 the Chopper (Minotaur Berserker)              Turns: 1373, Time: 00:01:38

Health: 0/49       AC:  2    Str: 27    XL:     3   Next: 62%
Magic:  2/2        EV: 12    Int:  4    God:    Trog [*.....]
Gold:   111        SH:  0    Dex:  9    Spells: 2/2 levels left

rFire    . . .     SeeInvis .   a - +0 hand axe
rCold    . . .     Gourm    .   (no shield)
rNeg     . . .     Faith    .   b - +0 animal skin
rPois    .         Spirit   .   (helmet restricted)
rElec    .         Reflect  .   (no cloak)
rCorr    .         Harm     .   (no gloves)
MR       .....                  (no boots)
Stlth    ..........             (no amulet)
HPRegen  0.16/turn              (no ring)
MPRegen  0.08/turn              (no ring)

@: berserking, lethally poisoned (0 -> -6), very quick
A: retaliatory headbutt, horns 2
a: Berserk, Renounce Religion


You were on level 2 of the Dungeon.
You worshipped Trog.
Trog was aware of your devotion.
You were very hungry.

You visited 1 branch of the dungeon, and saw 2 of its levels.

You collected 111 gold pieces.

Inventory:

Hand Weapons
 a - a +0 hand axe (weapon)
Armour
 b - a +0 animal skin (worn)
Jewellery
 e - an uncursed ring of protection from magic {unknown}
 i - a cursed amulet of inaccuracy {unknown}
Scrolls
 f - a scroll of fear {unknown}
 g - a scroll of enchant armour {unknown}
 j - a scroll of teleportation {unknown}
Potions
 h - a potion of agility {unknown}
Comestibles
 c - 6 rations
 d - 4 chunks of flesh


   Skills:
 + Level 4.1 Fighting
 * Level 4.5 Axes
 + Level 3.0 Armour
 + Level 2.7 Dodging


You had 2 spell levels left.
You didn't know any spells.

Dungeon Overview and Level Annotations

Branches:
Dungeon (2/15)

Altars:


Innate Abilities, Weirdness & Mutations

You reflexively headbutt those who attack you in melee.
You have a pair of horns on your head.


Message History

The adder is heavily wounded.
You miss the adder.
You feel sick. The adder bites you. The adder closely misses you.
The adder barely misses you. The adder closely misses you.
You are too injured to fight recklessly!
You are too injured to fight recklessly!
You barely miss the adder.
The adder is heavily wounded.
You hit the adder.
You feel sick. The adder bites you.
* * * LOW HITPOINT WARNING * * *
The adder bites you.
* * * LOW HITPOINT WARNING * * *
A red film seems to cover your vision as you go berserk!
You feel yourself moving faster!
You feel mighty!
You are feeling very hungry.
* * * LOW HITPOINT WARNING * * *
You feel sick. The adder bites you.
* * * LOW HITPOINT WARNING * * *
The adder bites you.
You die...

>..## ##)###.#
#(..####..###.#
..#....#..#...#
###...........##
...............##
#...............#
#...............#
#...............######
................@S...#
.................S....#
#......................#
##.....................#
###....................#
# #.###..####.........##
#.# #..# .....#...##
###.# #.## ....#######
.##.# .#


You could see 2 adders.

Vanquished Creatures
  An adder (D:2)
  An ooze (D:2)
  2 worms (D:2)
  2 dart slugs (D:2)
  6 goblins
  6 hobgoblins
  A quokka (D:2)
  4 bats
  A frilled lizard (D:1)
  3 kobolds
  A rat (D:1)
28 creatures vanquished.

Notes
Turn   | Place    | Note
-------+----------+-------------------------------------------
     0 | D:1      | wjh11 the Minotaur Berserker began the quest for the Orb.
     0 | D:1      | Reached XP level 1. HP: 19/19 MP: 0/0
    88 | D:1      | Reached XP level 2. HP: 12/27 MP: 1/1
   972 | D:2      | Reached XP level 3. HP: 26/33 MP: 2/2
  1373 | D:2      | Slain by an adder

Vault maps used:
D:1:      dpeg_arrival_simpleton_c, serial_glass, glass_columns_a,
          glass_columns_a, minmay_pentomino_t4
D:2:      doesnt_xom_only_xom, grunt_decor_mini_mirrors

Skill      XL: |  1  2  3 |
---------------+----------+-----
Axes           | 4 |  4.5
Fighting       | 4 |  4.1
Armour         | 3 |  3.0
Dodging        | |  2.7

Action                   || total
-------------------------++-------
Melee: Hand axe          ||    76
       Headbutt          ||    11
Invok: Berserk           ||     1
  Eat: Chunk             ||     1
Armor: Animal skin       ||    12
Dodge: Dodged            ||    55

Table legend:
 A = Spawn XP
 B = Non-spawn XP
 C = Spawn XP percentage of total XP
 D = Spawn monster count
 E = Non-spawn monster count
 F = Spawn count percentage of total count
 G = Total turns spent on level
                    A         B        C        D         E        F      G
               +---------+---------+-------+---------+---------+-------+---------
         Total |       0 |      76 |   0.0 |       0 |      28 |   0.0 |  1373
               +---------+---------+-------+---------+---------+-------+---------
           D:1 |       0 |      21 |   0.0 |       0 |      13 |   0.0 |   895
           D:2 |       0 |      55 |   0.0 |       0 |      15 |   0.0 |   478
               +---------+---------+-------+---------+---------+-------+---------
